 Dungeon Crawl Stone Soup version 0.26-a0-651-gb41185065b (webtiles) character file.

Game seed: 6865271480978267964

6715 Brawrur the Covert (level 10, -14/44 HPs)
             Began as a Spriggan Warper on Oct 23, 2020.
             Was a Priest of Sif Muna.
             Demolished by a tyrant leech (19 damage)
             ... on level 10 of the Dungeon.
             The game lasted 00:29:45 (14155 turns).

Brawrur the Covert (Spriggan Warper)               Turns: 14155, Time: 00:29:45

Health: -14/44     AC:  2    Str:  9 (10) XL:     10   Next: 74%
Magic:  22/22      EV: 26    Int: 16      God:    Sif Muna [***...]
Gold:   536        SH:  0    Dex: 18      Spells: 18/23 levels left

rFire    . . .     SeeInvis +   f - +7 rapier of the Dripping Wolf {drain, rC+ rN+ Str+3}
rCold    + . .     Faith    .   (shield restricted)
rNeg     + . .     Spirit   .   b - +0 robe
rPois    .         Reflect  .   (helmet restricted)
rElec    +         Harm     .   n - scarf {+Inv}
rCorr    .         Rampage  .   (gloves unavailable)
MR       +....                  (boots unavailable)
Stlth    ++++++....             (no amulet)
HPRegen  0.14/turn              (no ring)
MPRegen  0.18/turn              (no ring)

@: very slightly contaminated, studying Air Magic, invisible, very quick
A: very small, unfitting armour, see invisible, deterioration 1, speed 3, frail
1, electricity resistance
a: Channel Magic, Forget Spell, Renounce Religion


You were on level 10 of the Dungeon.
You worshipped Sif Muna.
Sif Muna was most pleased with you.
You visited 2 branches of the dungeon, and saw 11 of its levels.

You collected 536 gold pieces.

Inventory:

Hand Weapons
 a - a +1 short sword
 f - the +7 rapier of the Dripping Wolf (weapon) {drain, rC+ rN+ Str+3}
   (You found it on level 5 of the Dungeon)

   A truly terrible weapon, it drains the life of those it strikes.
   It affects your strength (+3).
   It protects you from cold.
   It protects you from negative energy.
Missiles
 A - 7 boomerangs
 B - a boomerang of dispersal (quivered)
Armour
 b - a +0 robe (worn)
 n - a scarf of invisibility (worn)
Jewellery
 v - an uncursed ring of flight
 C - a -4 ring of strength
Wands
 q - a wand of random effects (15)
 u - a wand of acid (2)
 w - a wand of iceblast (7)
 x - a wand of digging (5)
 y - a wand of flame (19)
Scrolls
 c - 3 scrolls of teleportation
 d - a scroll of blinking
 g - a scroll of magic mapping
 k - 13 scrolls of identify
 l - 9 scrolls of remove curse
 o - 2 scrolls of fog
 p - 6 scrolls of enchant weapon
 t - a scroll of amnesia
Potions
 h - a potion of cancellation
 i - a potion of magic
 m - a potion of flight
 s - a potion of lignification
 z - a potion of resistance
Books
 j - a manual of Air Magic


   Skills:
 + Level 3.0 Fighting
 * Level 9.7 Short Blades
 + Level 1.0 Throwing
 * Level 10.0 Dodging
 * Level 13.6 Stealth
 * Level 7.4 Spellcasting
 + Level 5.0 Translocations
 + Level 5.9 Evocations


You had 18 spell levels left.
You knew the following spells:

 Your Spells              Type           Power        Failure   Level
a - Blink                 Tloc           N/A          2%          2
b - Teleport Other        Tloc           ###.....     4%          3

Your spell library contained the following spells:

 Spells                   Type           Power        Failure   Level
 Gell's Gravitas          Tloc           ###.......   4%          3
 Lesser Beckoning         Tloc           ###.......   4%          3
 Passage of Golubria      Tloc           N/A          16%         4


Dungeon Overview and Level Annotations

Branches:
Dungeon (10/15)            Temple (1/1) D:5            Lair (0/6) D:9
    Orc (0/2) D:9

Altars:
Ashenzari
Cheibriados
Dithmenos
Elyvilon
Fedhas
Gozag
Kikubaaqudgha
Makhleb
Nemelex Xobeh
Okawaru
Qazlal
Ru
Sif Muna
Trog
Uskayaw
Wu Jian
Xom
Yredelemnul
Zin
The Shining One

Shops:
D:5 !   D:8 =


Innate Abilities, Weirdness & Mutations

You are very small and have problems with some larger weapons.
You are too small for most types of armour.
You have supernaturally acute eyesight. (SInv)
You cover ground extremely quickly.
Your body sometimes deteriorates upon taking damage.
You are frail. (-10% HP)
You are resistant to electric shocks. (rElec)


Message History

The vampire mosquito is moderately damaged.
You closely miss the vampire mosquito.
The vampire mosquito is moderately damaged.
The vampire mosquito barely misses you.
You hit the vampire mosquito.
The vampire mosquito is heavily damaged.
The vampire mosquito bites you.
* * * LOW HITPOINT WARNING * * *
You see here a scroll of remove curse.
You barely miss the tyrant leech. The tyrant leech misses you.
You miss the tyrant leech.
The vampire mosquito buzzes angrily.
The tyrant leech barely misses you.
You strike the helpless tyrant leech from behind!
You impale the tyrant leech!!
The tyrant leech is severely wounded.
You closely miss the tyrant leech.
The tyrant leech is severely wounded.
The tyrant leech bites you!!
You die...

#..#....#.#.....# ##
#.........##....# .
#...............# ##.
#####.....>...... #..
#####......##.. ##..
#.###.......#.. #...#
###.........#....
####...##...........#..#.
.:.y...w@?.....#......##.
#.#...###......#..#...###
#.... #.....##..#....##
###. #................. #
..............##...
.....#.........###..
...$##...............#
....##...............#
... #.................


You could see a tyrant leech and a vampire mosquito (wandering).

Vanquished Creatures
  Maggie (D:9)
  A troll (D:10)
  A tyrant leech (D:10)
  2 hippogriffs
  A wraith (D:8)
  3 yaks (D:9)
  Grum (D:9)
  2 wargs
  A water moccasin (D:6)
  6 orc warriors
  3 ice beasts
  2 sky beasts
  A black bear (D:7)
  A phantom (D:9)
  5 ogres
  A necrophage (D:8)
  2 wolves (D:9)
  3 centaurs
  A crocodile (D:10)
  A bullfrog (D:10)
  A troll zombie (D:8)
  3 killer bees (D:8)
  2 scorpions
  17 wights
  A centaur zombie (D:7)
  A jelly (D:9)
  12 orc wizards
  8 hounds
  6 human zombies (D:8)
  4 bullfrog skeletons
  5 iguanas
  2 worker ants
  An ogre zombie (D:8)
  An ogre skeleton (D:8)
  A hound skeleton (D:7)
  A worker ant zombie (D:5)
  10 adders
  A shadow imp (D:8)
  5 white imps
  3 ufetubi
  2 oozes
  3 adder skeletons
  An adder zombie (D:8)
  2 dart slugs (D:2)
  3 worms
  4 leopard geckos
  29 orcs
  2 ball pythons (D:2)
  7 goblins
  4 hobgoblins
  7 jackals
  6 quokkas
  2 bats
  9 frilled lizards
  6 kobolds
  8 rats
219 creatures vanquished.

Notes
Turn   | Place    | Note
-------+----------+-------------------------------------------
     0 | D:1      | Brawrur the Spriggan Warper began the quest for the Orb.
     0 | D:1      | Reached XP level 1. HP: 10/10 MP: 5/5
   413 | D:1      | Reached skill level 1 in Stealth
   418 | D:1      | Reached XP level 2. HP: 11/14 MP: 6/6
   425 | D:1      | Learned a level 2 spell: Blink
   997 | D:2      | Reached skill level 2 in Stealth
   997 | D:2      | Reached XP level 3. HP: 18/18 MP: 8/8
  1851 | D:2      | Reached skill level 3 in Stealth
  2092 | D:2      | Reached XP level 4. HP: 16/22 MP: 9/9
  2365 | D:2      | Noticed a +0 hand axe
  2366 | D:2      | Found a hide-covered altar of Uskayaw.
  2366 | D:2      | Noticed a +0 dagger
  2962 | D:3      | Reached skill level 5 in Dodging
  3183 | D:2      | Learned a level 3 spell: Teleport Other
  3187 | D:2      | Learned a level 3 spell: Gell's Gravitas
  3322 | D:3      | Noticed an ogre
  3357 | D:3      | Reached XP level 5. HP: 17/26 MP: 11/11
  3385 | D:3      | Reached skill level 4 in Stealth
  3946 | D:3      | HP: 1/26 [ogre/+0 giant club (25)]
  4686 | D:3      | Killed an ogre
  4686 | D:3      | Reached skill level 1 in Evocations
  4764 | D:4      | Reached XP level 6. HP: 25/30 MP: 11/13
  6137 | D:5      | Entered Level 5 of the Dungeon
  6251 | D:5      | Reached skill level 5 in Stealth
  6780 | D:5      | Got a faintly glowing rapier
  6851 | D:5      | Found a staircase to the Ecumenical Temple.
  6863 | Temple   | Entered the Ecumenical Temple
  7359 | Temple   | Identified the +7 rapier of the Dripping Wolf {drain, rC+
                  | rN+ Str+3} (You found it on level 5 of the Dungeon)
  7502 | Temple   | Became a worshipper of Sif Muna the Loreminder
  7882 | D:5      | Reached XP level 7. HP: 35/35 MP: 14/14
  8065 | D:5      | Reached skill level 5 in Short Blades
  8423 | D:5      | Reached skill level 6 in Stealth
  8423 | D:5      | Reached skill level 5 in Translocations
  8638 | D:5      | Found Kunwuo's Distillery.
  8941 | D:6      | Reached XP level 8. HP: 39/39 MP: 13/16
  9069 | D:6      | Reached skill level 7 in Stealth
  9069 | D:6      | Reached skill level 5 in Spellcasting
  9392 | D:6      | Found a sacrificial altar of Ru.
  9485 | D:7      | Reached skill level 8 in Stealth
  9504 | D:7      | Reached * piety under Sif Muna
  9531 | D:7      | Noticed a hippogriff
  9533 | D:7      | Found a shadowy altar of Dithmenos.
  9546 | D:7      | Killed a hippogriff
  9546 | D:7      | Reached skill level 9 in Stealth
  9624 | D:7      | Gained mutation: You are frail. (-10% HP) [mutagenic glow]
  9709 | D:7      | Reached XP level 9. HP: 23/38 MP: 16/18
  9720 | D:7      | Reached skill level 10 in Stealth
 11080 | D:8      | Identified a scroll of acquirement
 11080 | D:8      | Acquired a manual of Air Magic
 11085 | D:8      | Found a basalt altar of Yredelemnul.
 11104 | D:8      | Reached ** piety under Sif Muna
 11133 | D:8      | Reached skill level 11 in Stealth
 11184 | D:8      | Gained mutation: Your body sometimes deteriorates upon
                  | taking damage. [mutagenic glow]
 11499 | D:8      | Found Dahy's Jewellery Boutique.
 12176 | D:9      | Found a staircase to the Lair.
 12351 | D:9      | Reached skill level 12 in Stealth
 12432 | D:9      | Reached XP level 10. HP: 42/42 MP: 20/20
 12459 | D:9      | Noticed Grum
 12476 | D:9      | Reached skill level 5 in Evocations
 12479 | D:9      | Reached *** piety under Sif Muna
 12484 | D:9      | Killed Grum
 13132 | D:9      | Noticed Maggie
 13140 | D:9      | Killed Maggie
 13213 | D:9      | Reached skill level 13 in Stealth
 13233 | D:9      | Gained mutation: You are resistant to electric shocks.
                  | (rElec) [mutagenic glow]
 13428 | D:9      | Found a staircase to the Orcish Mines.
 13636 | D:10     | Entered Level 10 of the Dungeon
 13690 | D:10     | Reached skill level 10 in Dodging
 14155 | D:10     | Demolished by a tyrant leech

Illustrated notes

Levels and vault maps discovered:
D:1:      dpeg_arrival_orchard, layout_rooms, minmay_tall_x
D:2:      layout_basic, dancing_weapons_uskayaw
D:3:      layout_rooms
D:4:      layout_loops_corners, serial_bayou, serial_bayou_pond_e,
          serial_bayou_crossing, serial_bayou_shore_b, serial_bayou_shore_a,
          serial_bayou_lagoon_a, serial_bayou_pond_e
D:5:      layout_basic, minmay_temple_entry_large_hall, serial_shops, shop,
          kennysheep_boxes
D:6:      layout_cave_pools, serial_glass, glass_columns_c, glass_columns_b,
          glass_columns_b, glass_columns_a, glass_columns_c, glass_columns_c,
          due_unseen_surprise, feat_on_display, item_on_display_a,
          nicolae_ru_path_of_blood
D:7:      layout_layer_cave, old_standard_altar
D:8:      layout_layer_cave, serial_shops, shop, minmay_misc_feat_hallway,
          lemuel_mausoleum_altar_yredelemnul
D:9:      layout_basic, gammafunk_temple_overflow_pools,
          erik_lair_orcish_takeover, david_orc_4, minivault_25, uniq_grum,
          uniq_maggie
D:10:     layout_cave_pools, minmay_guarded_unrand_vampires_tooth
Temple:   regret_index_temple_mists

Skill      XL: |  1  2  3  4  5  6  7  8  9 10 |
---------------+-------------------------------+-----
Stealth        | 1 2 3 4 5 6 9 12 13 | 13.6
Spellcasting   | 3 4 5 6 7 |  7.4
Dodging        | 4 5 6 7 9 10 | 10.0
Short Blades   | 3 4 5 7 8 9 |  9.7
Evocations     | 1 3 4 5 |  5.9
Fighting       | 2 3 |  3.0
Translocations | 5 |  5.0
Throwing       | |  1.0

Action                   |  1- 3 |  4- 6 |  7- 9 | 10-12 || total
-------------------------+-------+-------+-------+-------++-------
Melee: Short sword       |   186 |   339 |       |       ||   525
       Rapier            |       |    22 |   218 |   134 ||   374
Throw: Boomerang         |     2 |     3 |       |       ||     5
 Cast: Blink             |     3 |     3 |       |       ||     6
       Teleport Other    |       |     4 |     2 |       ||     6
       Gell's Gravitas   |       |     6 |       |       ||     6
 Abil: Evoke Invisibilit |       |     4 |    26 |    12 ||    42
Evoke: Wand              |       |       |       |     5 ||     5
  Use: Potion            |     5 |     5 |     1 |     4 ||    15
       Scroll            |     1 |       |     9 |       ||    10
 Stab: Sleeping          |     5 |     4 |    26 |     8 ||    43
       Invisible         |       |     2 |    25 |    19 ||    46
       Distracted        |       |     1 |     2 |       ||     3
Armor: Robe              |    13 |    23 |     3 |     2 ||    41
       Skin              |    22 |       |       |       ||    22
Dodge: Dodged            |   161 |   326 |   175 |   142 ||   804

Table legend: (Time is in decaauts)
 A = Elapsed time spent in this place.
 B = Non-inter-level travel time spent in this place.
 C = Inter-level travel time spent in this place.
 D = Time resting spent in this place.
 E = Time spent auto-exploring this place.
 F = Levels seen in this place.
 G = Mean time per level.
                   A        B        C        D        E       F      G
               +--------+--------+--------+--------+--------+-----+--------+
         Total |  11313 |  10771 |    542 |    726 |   7614 |  11 | 1028.5 |
       Dungeon |  10625 |  10099 |    526 |    726 |   7245 |  10 | 1062.5 |
        Temple |    688 |    672 |     16 |      0 |    369 |   1 |  688.0 |
               +--------+--------+--------+--------+--------+-----+--------+

Top non-repeatable levels by time:
     D:5: 1638 daAuts
     D:3: 1482 daAuts
     D:2: 1433 daAuts
     D:4: 1071 daAuts
     D:8: 1052 daAuts
     D:7: 1043 daAuts
     D:1: 1038 daAuts
     D:9: 1035 daAuts
  Temple: 688 daAuts
    D:10: 442 daAuts
     D:6: 387 daAuts
